 Dungeon Sprint DCSS version 0.18.1-50-g88ac8fd (webtiles) character file.

455 Inkary the Basher (level 7, -1/61 HPs)
             Began as a Formicid Fighter on Sept 21, 2016.
             Was an Initiate of Makhleb.
             Succumbed to Sonja's poison
             ... in the Dungeon (Sprint I: "Red Sonja").
             The game lasted 00:02:16 (675 turns).

Inkary the Basher (Formicid Fighter)                 Turns: 675, Time: 00:02:16

Health: -1/61      AC:  8    Str: 22    XL:     7   Next: 26%
Magic:  7/7        EV:  9    Int:  8    God:    Makhleb [......]
Gold:   143        SH: 11    Dex: 10    Spells: 0 memorised, 6 levels left

rFire  . . .     SeeInvis +     a - +0 flail
rCold  . . .     Gourm    .     b - +0 scale mail
rNeg   . . .     Faith    .     c - +0 shield
rPois  .         Spirit   .     (helmet unavailable)
rElec  .         Dismiss  .     (no cloak)
rCorr  .         Reflect  .     (no gloves)
SustAt .         Harm     .     (no boots)
MR     .....                    (no amulet)
Stlth  ..........               (no ring)
                                (no ring)

@: lethally poisoned (-1 -> -36), not resistant to hostile enchantments,
extremely unstealthy
A: permanent stasis, dig shafts and tunnels, four strong arms, antennae 3
a: Dig, Renounce Religion


You were in the Dungeon.
You worshipped Makhleb.
Makhleb was noncommittal.
You were not hungry.

You visited 1 branch You collected 297 gold pieces.
You spent 154 gold pieces at shops.

Inventory:

Hand Weapons
 a - a +0 flail (weapon)
Missiles
 n - a curare-tipped needle
Armour
 b - a +0 scale mail (worn)
 c - a +0 shield (worn)
Wands
 d - a wand of flame (17/48)
Scrolls
 k - a scroll of blinking
Potions
 h - a potion of haste
 i - 2 potions of magic
 j - a potion of berserk rage
 l - a potion of agility
 m - a potion of degeneration
Comestibles
 f - a bread ration
 g - a beef jerky


   Skills:
 + Level 7.8 Fighting
 * Level 9.4 Maces & Flails
 + Level 7.9 Armour
 + Level 8.6 Shields


You had 6 spell levels left.
You didn't know any spells.

Dungeon Overview and Level Annotations

Branches:
Dungeon (1/1)

Altars:
Elyvilon
Gozag
Kikubaaqudgha
Makhleb
Nemelex Xobeh
Okawaru
Pakellas
Qazlal
Ru
Sif Muna
Trog
Vehumet
Xom
Yredelemnul
Zin
The Shining One

Shops:
D !

Annotations:
D Sonja


Innate Abilities, Weirdness & Mutations

You are under a permanent stasis effect.
You can dig through walls and to a lower floor.
Your four strong arms can wield two-handed weapons with a shield.
You have a pair of large antennae on your head (SInv).


Message History

You feel very sick.
Sonja mumbles some strange words.
Sonja blinks!
* * * LOW HITPOINT WARNING * * *
You feel sick.
Sonja hits you with an uncursed short sword of venom.
* * * LOW HITPOINT WARNING * * *
You are more poisoned.
You block Sonja's attack.
Sonja hits you with an uncursed short sword of venom.
* * * LOW HITPOINT WARNING * * *
There is an open door, spattered with blood here.
You are too injured to fight recklessly!
You barely miss Sonja.
* * * LOW HITPOINT WARNING * * *
You feel very sick.
Sonja mumbles some strange words.
Sonja blinks!
Unknown command.
You die...

################
#<.#..').#..'..#
#..'..#..').#..+
{
#..#####'#####.#
#..####..#...#.#
#..#__####..##(#
{
#..#_.___##§#..+
#⌠⌠#_.∩K..'.@._#
{
####_..._##_(#+#
#_____###'#
#########(##


+(($+ { #$.$# { ##.## { { #+# {{ { { { You could see Sonja.

Vanquished Creatures
  Sigmund (D)
  A yak (D)
  An ogre (D)
  A jelly (D)
  Ijyb (D)
5 creatures vanquished.

Notes
Turn   | Place    | Note
--------------------------------------------------------------
     0 | D        | Inkary the Formicid Fighter began the quest for the Orb.
     0 | D        | Reached XP level 1. HP: 18/18 MP: 1/1
     2 | D        | Noticed Ijyb
    13 | D        | Killed Ijyb
    13 | D        | Reached skill level 4 in Maces & Flails
    13 | D        | Reached XP level 2. HP: 20/25 MP: 2/2
    13 | D        | Reached XP level 3. HP: 24/30 MP: 3/3
    63 | D        | Noticed an ogre
    74 | D        | Killed an ogre
    74 | D        | Reached skill level 5 in Fighting
    74 | D        | Reached skill level 6 in Maces & Flails
    74 | D        | Reached skill level 5 in Armour
    74 | D        | Reached XP level 4. HP: 17/39 MP: 4/4
    74 | D        | Reached XP level 5. HP: 19/44 MP: 5/5
   174 | D        | Noticed Sigmund
   181 | D        | Killed Sigmund
   181 | D        | Reached skill level 8 in Maces & Flails
   181 | D        | Reached XP level 6. HP: 23/53 MP: 6/6
   217 | D        | Found a deep blue altar of Sif Muna.
   219 | D        | Found a radiant altar of Vehumet.
   466 | D        | Found Cediw's Distillery.
   466 | D        | Found a white marble altar of Elyvilon.
   466 | D        | Found a stormy altar of Qazlal.
   466 | D        | Found a burning altar of Makhleb.
   466 | D        | Found a sacrificial altar of Ru.
   466 | D        | Found an oddly glowing altar of Pakellas.
   466 | D        | Found a basalt altar of Yredelemnul.
   466 | D        | Found a glowing golden altar of the Shining One.
   466 | D        | Found a sparkling altar of Nemelex Xobeh.
   466 | D        | Found a shimmering altar of Xom.
   466 | D        | Found an opulent altar of Gozag.
   466 | D        | Found an ancient bone altar of Kikubaaqudgha.
   466 | D        | Found a glowing silver altar of Zin.
   466 | D        | Noticed a yak
   476 | D        | Killed a yak
   476 | D        | Reached skill level 9 in Maces & Flails
   476 | D        | Reached XP level 7. HP: 25/61 MP: 7/7
   477 | D        | Found an iron altar of Okawaru.
   478 | D        | Found a bloodstained altar of Trog.
   487 | D        | Became a worshipper of Makhleb the Destroyer
   585 | D        | Bought a potion of curing for 33 gold pieces
   585 | D        | Bought a potion of agility for 44 gold pieces
   585 | D        | Bought a potion of curing for 33 gold pieces
   585 | D        | Bought a potion of curing for 33 gold pieces
   585 | D        | Bought a potion of degeneration for 11 gold pieces
   646 | D        | Noticed Sonja
   674 | D        | HP: 2/61 [poisoned by Sonja]
   675 | D        | Succumbed to Sonja's poison

Skill      XL: |  1  2  3  4  5  6 |
---------------+-------------------+-----
Fighting       | 4 5 6 7 |  7.8
Maces & Flails | 4 6 8 9 |  9.4
Armour         | 4 5 7 |  7.9
Shields        | 4 6 7 8 |  8.6

Action                   |  1- 3 |  4- 6 |  7- 9 || total
-------------------------+-------+-------+-------++-------
Melee: Flail             |    19 |    16 |     8 ||    43
  Use: Potion            |     1 |     2 |     3 ||     6
Armor: Scale mail        |     5 |     2 |     6 ||    13
Dodge: Dodged            |     2 |     2 |     8 ||    12
Block: Shield            |    10 |     3 |     8 ||    21
